 Dungeon Sprint DCSS version 0.29-a0-1027-gcd8c55af63 (webtiles) character file.

Game seed: 14454329339219478541

261 mhtbhm the Unseen (level 5, -11/28 HPs)
             Began as a Spriggan Brigand on Aug 13, 2022.
             Was an Initiate of Dithmenos.
             Mangled by a fire elemental (12 damage)
             ... summoned by a deep elf pyromancer
             ... in the Dungeon (Sprint III: "The Ten Rune Challenge").
             The game lasted 00:01:44 (416 turns).

mhtbhm the Unseen (Spriggan Brigand)                 Turns: 416, Time: 00:01:45

Health: -11/28     AC:  3    Str:  7    XL:     5   Next: 96%
Magic:  7/7        EV: 18    Int: 12    God:    Dithmenos [......]
Gold:   49         SH:  0    Dex: 19    Spells: 4/4 levels left

rFire   . . .      SeeInvis +   a - +2 dagger
rCold   . . .      Faith    .   (no shield)
rNeg    . . .      Spirit   .   b - +0 robe
rPois   .          Reflect  .   (helmet restricted)
rElec   .          Harm     .   c - +0 cloak
rCorr   .          Rampage  .   (gloves unavailable)
Will    .....      NoTele   +   (boots unavailable)
Stlth   ++++++....              (no amulet)
HPRegen 0.09/turn               (no ring)
MPRegen 0.10/turn               (no ring)

@: very quick
A: very small, no large weapons, unfitting armour, see invisible, speed 3
a: Renounce Religion


You were in the Dungeon.
You worshipped Dithmenos.
Dithmenos was noncommittal.
You visited 1 branch You collected 49 gold pieces.

Inventory:

Hand Weapons
 a - a +2 dagger (weapon)
Missiles
 d - 5 poisoned darts (quivered)
Armour
 b - a +0 robe (worn)
 c - a +0 cloak (worn)
Scrolls
 k - a scroll of blinking
 l - 2 scrolls of immolation {unknown}
 n - a scroll of torment {unknown}
 o - 2 scrolls of identify
Potions
 f - a potion of curing
 g - a potion of heal wounds
 h - a potion of haste
 i - 2 potions of magic
 m - 3 potions of flight
 p - 5 potions of mutation


   Skills:
 + Level 3.4 Fighting
 + Level 5.8 Short Blades
 + Level 3.6 Throwing
 + Level 2.8 Dodging
 + Level 15.9 Stealth
 * Level 1.3 Invocations


You had 4 spell levels left.
You didn't know any spells.
Your spell library contained the following spells:

 Spells                   Type           Power      Damage    Failure   Level
 Dazzling Flash           Conj/Hex       0%         N/A       69%         3
 Iskenderun's Mystic Bla  Conj/Tloc      0%         2d3       97%         4
 Summon Lightning Spire   Summ/Air       0%         N/A       97%         4
 Starburst                Conj/Fire      0%         6d3       100%        6
 Storm Form               Tmut/Air       0%         N/A       100%        7
 Maxwell's Capacitive Co  Air            0%         ∞         100%        8


Dungeon Overview and Level Annotations

Branches:
Dungeon (1/1)

Altars:
Dithmenos
Elyvilon
Kikubaaqudgha
Ru
Sif Muna
Vehumet
Yredelemnul
Zin
The Shining One


Innate Abilities, Weirdness & Mutations

You are very small and have problems with some larger weapons.
You are too small for most types of armour.
You have supernaturally acute eyesight. (SInv)
You cover ground extremely quickly. (Speed+++)


Message History

You throw a poisoned dart.
The poisoned dart closely misses the deep elf pyromancer.
The fire elemental closely misses you.
Throw: 7 darts (poison)
Press: ? - help, Q - select action Shift-Dir - straight line, f/p - deep elf pyromancer
Aim: a deep elf pyromancer, wielding a +2 long sword of holy wrath (almost dead, very poisoned, slow, 53% to hit)
You throw a poisoned dart.
The poisoned dart misses the deep elf pyromancer.
The fire elemental hits you. The fire elemental burns you!
* * * LOW HITPOINT WARNING * * *
The deep elf pyromancer gestures wildly while chanting.
The deep elf pyromancer blinks!
Unknown command.
Unknown command.
Throw: 6 darts (poison)
Press: ? - help, Q - select action Shift-Dir - straight line, f/p - deep elf pyromancer
Aim: a deep elf pyromancer, wielding a +2 long sword of holy wrath (almost dead, very poisoned, slow, 53% to hit)
Okay, then.
You aren't carrying any items that you can evoke.
Unknown command.
Throw: 6 darts (poison)
Press: ? - help, Q - select action Shift-Dir - straight line, f/p - deep elf pyromancer
Aim: a deep elf pyromancer, wielding a +2 long sword of holy wrath (almost dead, very poisoned, slow, 53% to hit)
You throw a poisoned dart.
The poisoned dart closely misses the deep elf pyromancer.
The fire elemental completely misses you.
The deep elf pyromancer casts a spell.
The deep elf pyromancer blinks!
Unknown command.
Throw: 5 darts (poison)
Press: ? - help, Q - select action Shift-Dir - straight line, f/p - deep elf pyromancer
Aim: a deep elf pyromancer, wielding a +2 long sword of holy wrath (almost dead, very poisoned, slow, 53% to hit)
Okay, then.
You closely miss the deep elf pyromancer.
The deep elf pyromancer is almost dead.
The fire elemental closely misses you.
You barely miss the deep elf pyromancer.
The deep elf pyromancer is almost dead.
The fire elemental hits you. The fire elemental burns you!
You die...

▓▓▓▓ ▓▓▓ [..#### ##.#####
#### ......#####..#___#
#__# .......#..#..#!E.#
#._#
#.##...#..#..###@#+###'##
#.###..##'#..#...e......#
##.##..###...'.⌠..(....(#
..##..####...#...######+#
..##..###....#.⌠.#
.##...##.....#...#
##....#...†..#'###
##..##.#.....#().#
#..#####....#___#


You could see a deep elf pyromancer (very poisoned, slow) and a fire elemental
(summoned).

Vanquished Creatures
  A scorpion (D)
  A water elemental (D)
  A necrophage (D)
  A wizard (D)
  A necromancer (D)
  A kobold demonologist (D)
  A human (D)
  An endoplasm (D)
  3 rats (D)
11 creatures vanquished.

Notes
Turn   | Place    | Note
-------+----------+-------------------------------------------
     0 | D        | mhtbhm the Spriggan Brigand began the quest for the Orb.
     0 | D        | Reached XP level 1. HP: 10/10 MP: 2/2
    12 | D        | Reached skill level 6 in Stealth
   103 | D        | Noticed a scorpion
   106 | D        | Killed a scorpion
   107 | D        | Reached skill level 11 in Stealth
   107 | D        | Reached XP level 2. HP: 16/16 MP: 3/3
   107 | D        | Reached XP level 3. HP: 19/19 MP: 4/4
   128 | D        | Reached XP level 4. HP: 23/23 MP: 5/5
   168 | D        | Noticed a water elemental
   170 | D        | Killed a water elemental
   171 | D        | Reached skill level 13 in Stealth
   186 | D        | Found a shadowy altar of Dithmenos.
   186 | D        | Noticed a necrophage
   187 | D        | Found a basalt altar of Yredelemnul.
   187 | D        | Found a sacrificial altar of Ru.
   194 | D        | Killed a necrophage
   195 | D        | Reached skill level 5 in Short Blades
   195 | D        | Reached skill level 14 in Stealth
   195 | D        | Reached XP level 5. HP: 28/28 MP: 6/6
   199 | D        | Reached skill level 15 in Stealth
   204 | D        | Became a worshipper of Dithmenos the Shadowed
   315 | D        | Found a radiant altar of Vehumet.
   316 | D        | Found a shimmering blue altar of Sif Muna.
   316 | D        | Found an ancient bone altar of Kikubaaqudgha.
   329 | D        | Reached skill level 1 in Invocations
   398 | D        | Found a glowing silver altar of Zin.
   399 | D        | Found a glowing golden altar of the Shining One.
   399 | D        | Found a white marble altar of Elyvilon.
   399 | D        | Noticed a deep elf pyromancer
   406 | D        | Noticed a fire elemental
   413 | D        | HP: 1/28 [fire elemental[a deep elf pyromancer] (9)]
   416 | D        | Mangled by a fire elemental

Illustrated notes

Levels and vault maps discovered:
D:        dungeon_sprint_mu [sprint_mu_entry_cave, sprint_mu_temple_rooms,
          sprint_mu_d1_spiders, sprint_mu_d2_genie, sprint_mu_d3_branching,
          sprint_mu_orc_legion, sprint_mu_elf_gauntlet, sprint_mu_hive_nellie,
          sprint_mu_lair_fedhas, sprint_mu_vaults_butterflies,
          sprint_mu_slime_circle, sprint_mu_shoals_kraken,
          sprint_mu_snake_twists, sprint_mu_blade_basic,
          sprint_mu_crypt_chambers, sprint_mu_tomb_spiral,
          sprint_mu_vestibule_basic, sprint_mu_gehenna_hellfire,
          sprint_mu_dis_giant, sprint_mu_tartarus_statrot,
          sprint_mu_cocytus_islands, sprint_mu_zot1]

Skill      XL: |  1  2  3  4  5 |
---------------+----------------+-----
Stealth        | 11 14 15 | 15.9
Fighting       | 2 3 |  3.4
Short Blades   | 3 4 5 |  5.8
Dodging        | 2 |  2.8
Throwing       | 3 |  3.6
Invocations    | 1 |  1.3

Action                   |  1- 3 |  4- 6 || total
-------------------------+-------+-------++-------
Melee: Dagger            |    11 |    21 ||    32
       Punch             |       |     1 ||     1
Throw: Dart              |     1 |    10 ||    11
  Use: Potion            |       |     1 ||     1
 Stab: Sleeping          |     3 |     1 ||     4
Armor: Robe              |     2 |     4 ||     6
Dodge: Dodged            |     3 |     8 ||    11

Table legend: (Time is in decaauts)
 A = Elapsed time spent in this place.
 B = Non-inter-level travel time spent in this place.
 C = Inter-level travel time spent in this place.
 D = Time resting spent in this place.
 E = Time spent auto-exploring this place.
 F = Levels seen in this place.
 G = Mean time per level.
                   A        B        C        D        E       F      G
               +--------+--------+--------+--------+--------+-----+--------+
         Total |    361 |    361 |      0 |    163 |     70 |   1 |  361.0 |
       Dungeon |    361 |    361 |      0 |    163 |     70 |   1 |  361.0 |
               +--------+--------+--------+--------+--------+-----+--------+

Top non-repeatable levels by time:
       D: 361 daAuts
